cohdb
Replays
Latest Replays
All Replays
Popular Replays
Top Player Replays
Match Explorer
How It Works
Community
CoH3 Stats
Reddit
Sign in to upload your games and track your stats! →
Sign in with Steam
Match 23921110
Unlisted
Match 23921110
Overview
Messages
Build Orders
End
Construct Infanterie Kompanie
Selects Luftwaffe Battlegroup
Selects Luftwaffe Pioneer Support
Fallschirmpioneer Squad Paradrop
Grenadier Squad
MG 42 Machine Gun Team
Fallschirmpioneer Squad Paradrop
MG 42 Machine Gun Team
Construct Luftwaffe Kompanie
Jäger Squad
221 Scout Car
Medical Station
Jäger Squad
221 Scout Car
Selects Luftwaffe Combat Group
Construct Panzer Kompanie
Selects Stuka Strafing Run
Luftwaffe Combat Group
Stuka Strafing Run
Selects Fallschirmjäger Squad Paradrop
Fallschirmjäger Squad Paradrop
Panzer IV Medium Tank
Fallschirmjäger Squad Paradrop
DesasterFTW
Dr-Ludo
SneaKerz
gb_gbg
0
0
Comments
sign in to comment!
No comments posted yet!